[Event "ICCopen2016"]
[Site "Internet Chess Club"]
[Date "2016.06.04"]
[Round "4"]
[White "GodspeedR8"]
[Black "Tova77"]
[Result "1-0"]
[ICCResult "Black checkmated"]
[WhiteElo "1933"]
[BlackElo "1611"]
[Opening "Ruy Lopez: exchange variation"]
[ECO "C68"]
[NIC "RL.08"]
[Time "14:33:55"]
[TimeControl "180+0"]

1. e4 e5 2. Nf3 Nc6 3. Bb5 a6 4. Bxc6 dxc6 5. d3 Bd6 6. O-O Ne7 7. Nbd2 O-O
8. Nc4 Bg4 9. h3 Bh5 10. g4 Bg6 11. Nfxe5 b5 12. Nxd6 cxd6 13. Nxg6 Nxg6 14.
f4 Qh4 15. Qf3 Qf6 16. c3 b4 17. d4 bxc3 18. bxc3 Rab8 19. f5 Nh8 20. Bf4
Rb2 21. Qg3 Rd8 22. g5 Qe7 23. f6 Qxe4 24. fxg7 Ng6 25. Rae1 Qc2 26. h4 Rxa2
27. h5 Nxf4 28. Rxf4 Kxg7 29. h6+ Kg8 30. Rfe4 Kf8 31. Qxd6+ Rxd6 32. Re8#
{Black checkmated}
1-0

[Event "ICCopen2016"]
[Site "Internet Chess Club"]
[Date "2016.06.04"]
[Round "4"]
[White "DukeBishop"]
[Black "pagoda"]
[Result "1/2-1/2"]
[ICCResult "Game drawn by mutual agreement"]
[WhiteElo "1617"]
[BlackElo "1872"]
[Opening "Pirc: Ufimtsev-Pytel variation"]
[ECO "B07"]
[NIC "PU.08"]
[Time "14:33:10"]
[TimeControl "180+0"]

1. e4 d6 2. d4 Nf6 3. Nc3 c6 4. f3 b5 5. a3 a6 6. Be3 e5 7. dxe5 dxe5 8.
Qxd8+ Kxd8 9. O-O-O+ Kc7 10. h4 Be6 11. h5 h6 12. Nge2 Nbd7 13. Ng3 Bc5 14.
Bxc5 Nxc5 15. Nf5 Bxf5 16. exf5 a5 17. g4 b4 18. Nb1 e4 19. fxe4 Ncxe4 20.
Rg1 Rad8 21. Re1 Rhe8 22. Bc4 Re7 23. axb4 axb4 24. c3 c5 25. Re2 Rde8 26.
Rge1 Nxg4 27. Bxf7 Rxf7 28. Rxe4 Rxe4 29. Rxe4 Nf6 30. Rc4 bxc3 31. Rxc5+
Kb6 32. Rxc3 Nxh5 33. Rf3 g6 34. Rb3+ Kc7 35. fxg6 Rg7 36. Rh3 Nf4 37. Rxh6
Rxg6 38. Rxg6 Nxg6 39. Nc3 {Game drawn by mutual agreement} 1/2-1/2

[Event "ICCopen2016"]
[Site "Internet Chess Club"]
[Date "2016.06.04"]
[Round "4"]
[White "afgano45"]
[Black "whiteshark"]
[Result "0-1"]
[ICCResult "White resigns"]
[WhiteElo "1961"]
[BlackElo "2537"]
[Opening "French: Tarrasch, closed variation, main line"]
[ECO "C06"]
[NIC "FR.17"]
[Time "14:34:36"]
[TimeControl "180+0"]

1. e4 e6 2. d4 d5 3. Nd2 Nf6 4. e5 Nfd7 5. Bd3 c5 6. c3 Nc6 7. Ne2 cxd4 8.
cxd4 f6 9. exf6 Nxf6 10. Nf3 Bd6 11. O-O Qc7 12. Bg5 O-O 13. Qc2 g6 14. a3
Qg7 15. Bh4 Nh5 16. Bg3 Nxg3 17. hxg3 Bd7 18. Rac1 Rf6 19. Qd2 Raf8 20. Rc3
h6 21. Bb1 g5 22. Re1 g4 23. Nh4 Rxf2 24. Qd3 R8f6 25. Ng6 Be8 26. Ngf4 Bxf4
27. Nxf4 Rxb2 28. Nxe6 Qe7 29. Qd1 Rxb1 30. Qxb1 Rxe6 31. Rxe6 Qxe6 32. Qxb7
Qe1+ {White resigns} 0-1

[Event "ICCopen2016"]
[Site "Internet Chess Club"]
[Date "2016.06.04"]
[Round "4"]
[White "manneredmonkey"]
[Black "UAE2002"]
[Result "1-0"]
[ICCResult "Black checkmated"]
[WhiteElo "1670"]
[BlackElo "1981"]
[Opening "Réti opening"]
[ECO "A04"]
[NIC "QP.10"]
[Time "14:34:23"]
[TimeControl "180+0"]

1. Nf3 c5 2. g3 Nc6 3. Bg2 e6 4. c4 d5 5. cxd5 exd5 6. d4 c4 7. O-O Nf6 8.
Re1 Be7 9. Nc3 O-O 10. b3 cxb3 11. Qxb3 Rb8 12. Bb2 Be6 13. Rac1 Qa5 14. e3
Rfc8 15. Ng5 h6 16. Nxe6 fxe6 17. Bh3 Nd8 18. Ne2 Ne4 19. Nf4 Nd2 20. Qd1
Nc4 21. Bc3 Qa6 22. Qg4 Rc6 23. Nh5 Bf8 24. Bb4 Nd6 25. Bxd6 Rxd6 26. Nf6+
Kf7 27. Nh5 Rc6 28. Nf4 Qb6 29. Qg6+ Kg8 30. Rxc6 Qxc6 31. Bf1 Qd7 32. Bd3
Nf7 33. Qh7# {Black checkmated} 1-0

[Event "ICCopen2016"]
[Site "Internet Chess Club"]
[Date "2016.06.04"]
[Round "4"]
[White "mrneale"]
[Black "danvenez"]
[Result "0-1"]
[ICCResult "White forfeits on time"]
[WhiteElo "1221"]
[BlackElo "1490"]
[Opening "King's pawn game"]
[ECO "C21"]
[NIC "KP.10"]
[Time "14:33:30"]
[TimeControl "180+0"]

1. e4 e5 2. d4 d6 3. dxe5 dxe5 4. Qxd8+ Kxd8 5. Nf3 f6 6. Bd3 Nc6 7. a3 Be6
8. O-O Bc5 9. b4 Bd6 10. c4 b6 11. Be3 Ke7 12. Nbd2 Kf7 13. Rfc1 Nge7 14. c5
bxc5 15. Bxc5 Bxc5 16. Rxc5 Rad8 17. Ne1 Nd4 18. Rxc7 Rhe8 19. Ndf3 Kg6 20.
Nxd4 Rxd4 21. Rac1 Nc8 22. Bb5 Red8 23. Bc4 Bxc4 24. R1xc4 Rd1 25. Kf1 Nd6
26. Rc1 Rd2 27. Rxa7 Nxe4 28. b5 Rxf2+ 29. Kg1 Rb2 30. a4 Nc3 31. Rxc3 Rd1
32. Re3 Rbb1 33. Kf2 Rd2+ 34. Re2 Rd4 35. Nc2 Rf4+ 36. Ke3 Rb3+ 37. Kd2 Rb2
38. Kc1 Ra2 39. a5 Rf1+ 40. Kd2 Rb1 41. b6 Rbb2 42. Rc7 Rxa5 43. b7 Rd5+
{White forfeits on time}
0-1

[Event "ICCopen2016"]
[Site "Internet Chess Club"]
[Date "2016.06.04"]
[Round "4"]
[White "queenfish"]
[Black "WoodTree"]
[Result "0-1"]
[ICCResult "White resigns"]
[WhiteElo "1915"]
[BlackElo "2362"]
[Opening "King's Indian: orthodox, 7...Nbd7"]
[ECO "E94"]
[NIC "KI.12"]
[Time "14:33:44"]
[TimeControl "180+0"]

1. c4 Nf6 2. Nc3 g6 3. Nf3 Bg7 4. e4 d6 5. d4 O-O 6. Be2 Nbd7 7. O-O e5 8.
d5 Nc5 9. Bg5 a5 10. Nd2 Qe8 11. a3 a4 12. Nb5 Qd7 13. Bxf6 Bxf6 14. h3 Bg5
15. Bg4 f5 16. exf5 gxf5 17. Be2 Kh8 18. b4 axb3 19. Nxb3 Ne4 20. Bd3 Rg8
21. Bxe4 fxe4 22. Kh1 Bf4 23. Qh5 Rg5 24. Qh4 Qg7 25. g3 Bxh3 26. Qxh3 Qg6
27. Kg2 Rg8 28. Rh1 Bxg3 29. Rag1 Bxf2+ 30. Kxf2 Rxg1 31. Qxh7+ Qxh7
{White resigns}
0-1

[Event "ICCopen2016"]
[Site "Internet Chess Club"]
[Date "2016.06.04"]
[Round "4"]
[White "pulpocybort"]
[Black "welshnajdorf"]
[Result "1-0"]
[ICCResult "Black resigns"]
[WhiteElo "1624"]
[BlackElo "1824"]
[Opening "Sicilian: closed"]
[ECO "B23"]
[NIC "SI.44"]
[Time "14:34:16"]
[TimeControl "180+0"]

1. e4 c5 2. Nc3 e6 3. Nf3 d5 4. exd5 exd5 5. d4 c4 6. Be2 Be7 7. O-O Nf6 8.
Ne5 O-O 9. Bf3 Nc6 10. Re1 h6 11. a3 Bf5 12. Bf4 g5 13. Bg3 Rc8 14. h4 Nh7
15. hxg5 Nxg5 16. Bxd5 Bd6 17. f4 Ne6 18. Qh5 Qf6 19. Nd7 Qxd4+ 20. Bf2 Qg7
21. Nxf8 Bg4 22. Nxe6 fxe6 23. Bxe6+ Bxe6 24. Rxe6 {Black resigns} 1-0

[Event "ICCopen2016"]
[Site "Internet Chess Club"]
[Date "2016.06.04"]
[Round "4"]
[White "Sam08"]
[Black "Colombiano07"]
[Result "1-0"]
[ICCResult "Black checkmated"]
[WhiteElo "2399"]
[BlackElo "1947"]
[Opening "King's Indian: 6.Be2"]
[ECO "E91"]
[NIC "KI.19"]
[Time "14:34:13"]
[TimeControl "180+0"]

1. d4 g6 2. c4 Bg7 3. Nf3 Nf6 4. Nc3 O-O 5. e4 d6 6. Be2 c5 7. d5 b5 8. cxb5
a6 9. O-O axb5 10. Bxb5 Ba6 11. Bxa6 Nxa6 12. a4 Ne8 13. Qe2 Qb6 14. Bg5 Nf6
15. e5 dxe5 16. Nxe5 Rfd8 17. Nc6 Re8 18. Rad1 Nb4 19. Nxe7+ Kf8 20. d6 Rad8
21. Bxf6 Bxf6 22. Qf3 Rxd6 23. Ned5 Nxd5 24. Nxd5 Qxb2 25. a5 Kg7 26. Nc7
Red8 27. Rxd6 Rxd6 28. Ne8+ Kf8 29. Nxd6 Bd4 30. Qxf7# {Black checkmated}
1-0

[Event "ICCopen2016"]
[Site "Internet Chess Club"]
[Date "2016.06.04"]
[Round "4"]
[White "kabindra"]
[Black "JavaChessMan"]
[Result "0-1"]
[ICCResult "White resigns"]
[WhiteElo "1630"]
[BlackElo "1940"]
[Opening "Caro-Kann: advance variation"]
[ECO "B12"]
[NIC "CK.04"]
[Time "14:33:07"]
[TimeControl "180+0"]

1. e4 c6 2. d4 d5 3. e5 Bf5 4. g4 Be4 5. f3 Bg6 6. h4 h5 7. g5 e6 8. Bd2 Ne7
9. Bd3 Bxd3 10. cxd3 Nf5 11. Ne2 Qb6 12. Qc2 Nxd4 13. Nxd4 Qxd4 14. Nc3
Qxe5+ 15. Ne2 Nd7 16. f4 Qc7 17. O-O-O O-O-O 18. Kb1 Kb8 19. Rc1 Bd6 20.
Rhf1 g6 21. Bc3 Rhe8 22. Bf6 Nxf6 23. gxf6 e5 24. fxe5 Rxe5 25. d4 Re4 26.
Qd3 Rde8 27. Nc3 Re3 28. Qc2 Qb6 29. Rfd1 Rh3 30. Na4 Qb5 31. Nc5 Bxc5 32.
dxc5 Re2 33. a4 Rxc2 34. axb5 Rxc1+ 35. Rxc1 Rxh4 36. bxc6 bxc6 37. Re1 Re4
38. Rf1 Re6 39. Kc2 Kc7 40. Kd3 Kb7 41. Kd4 Re4+ 42. Kd3 h4 43. b3 g5 44.
Rf5 g4 45. Rh5 h3 46. Rh7 Ka6 47. Rxf7 h2 48. Rh7 g3 49. f7 Rf4 50. Ke3 Rxf7
51. Rxf7 h1=Q 52. Rf6 Qe4+ 53. Kd2 Qd4+ 54. Kc2 Qxf6 55. b4 g2 56. b5+ Kxb5
{White resigns}
0-1

[Event "ICCopen2016"]
[Site "Internet Chess Club"]
[Date "2016.06.04"]
[Round "4"]
[White "AttackSparrow"]
[Black "TallTower"]
[Result "1-0"]
[ICCResult "Black resigns"]
[WhiteElo "2338"]
[BlackElo "1926"]
[Opening "Pirc: Ufimtsev-Pytel variation"]
[ECO "B07"]
[NIC "PU.08"]
[Time "14:33:46"]
[TimeControl "180+0"]

1. e4 d6 2. d4 Nf6 3. Nc3 c6 4. a4 Qa5 5. Bd3 e5 6. Ne2 Be7 7. O-O O-O 8. h3
Nbd7 9. Kh1 Re8 10. f4 exd4 11. Nxd4 Bf8 12. Qf3 Nc5 13. Nb3 Nxb3 14. cxb3
Be6 15. Bc2 Qb4 16. Ra3 Qa5 17. Ra1 Qb4 18. Ra3 Qa5 19. f5 Bd7 20. Ra1 d5
21. Bg5 Nxe4 22. Nxe4 dxe4 23. Bxe4 Qe5 24. Rae1 Qxb2 25. f6 g6 26. h4 h5
27. Bxg6 Rxe1 28. Bxf7+ Kxf7 29. Qxh5+ Ke6 30. Rxe1+ Kd6 31. Bf4+
{Black resigns}
1-0

[Event "ICCopen2016"]
[Site "Internet Chess Club"]
[Date "2016.06.04"]
[Round "4"]
[White "Sc6"]
[Black "Xadrez47"]
[Result "1-0"]
[ICCResult "Black forfeits on time"]
[WhiteElo "1810"]
[BlackElo "1455"]
[Opening "Scandinavian defense"]
[ECO "B01"]
[NIC "SD.03"]
[Time "14:33:03"]
[TimeControl "180+0"]

1. e4 d5 2. exd5 Nf6 3. d4 Bg4 4. f3 Bf5 5. Bd3 Bxd3 6. Qxd3 Qxd5 7. Ne2 Nc6
8. O-O O-O-O 9. c3 e5 10. Be3 e4 11. fxe4 Nxe4 12. Nf4 Qf5 13. Nd2 Ng3 14.
Qxf5+ Nxf5 15. Bf2 Bd6 16. Nd3 g6 17. Rae1 Rde8 18. Ne4 Bf8 19. Nf6 Rxe1 20.
Rxe1 Bg7 21. Ne8 Bh6 22. Nf6 Bd2 23. Re2 Bg5 24. Ne4 Bd8 25. Nec5 b6 26. Nb3
Nd6 27. Ne5 Re8 28. Kf1 Nxe5 29. dxe5 Nc4 30. Bg3 Re6 31. Nd4 Re8 32. b3 Na5
33. b4 Nb7 34. Nc6 a5 35. a3 axb4 36. axb4 Re6 37. Nd4 Re8 38. h3 c5 39. Nc2
Re6 40. Bh2 Bg5 41. g4 Bc1 42. Bg1 cxb4 43. cxb4 f6 44. Nd4 Rxe5 45. Rxe5
fxe5 46. Nc6 {Black forfeits on time} 1-0

[Event "ICCopen2016"]
[Site "Internet Chess Club"]
[Date "2016.06.04"]
[Round "4"]
[White "mikado"]
[Black "burbur"]
[Result "0-1"]
[ICCResult "White resigns"]
[WhiteElo "1997"]
[BlackElo "2516"]
[Opening "English opening"]
[ECO "A14"]
[NIC "RE.08"]
[Time "14:34:08"]
[TimeControl "180+0"]

1. c4 e6 2. g3 d5 3. Bg2 Nf6 4. Nf3 Be7 5. b3 O-O 6. O-O b6 7. Bb2 Bb7 8. e3
c5 9. Nc3 Nc6 10. cxd5 Nxd5 11. Nxd5 Qxd5 12. d4 Rfd8 13. Ne5 Qd6 14. Nxc6
Bxc6 15. Bxc6 Qxc6 16. Qc2 Rac8 17. Rac1 Qf3 18. Qd1 Qf5 19. Qe2 h5 20. h4
cxd4 21. Bxd4 Ba3 22. Rxc8 Rxc8 23. Rd1 Bb4 24. e4 Qg4 25. Qd3 Rd8 26. e5
Bc5 27. f4 Rxd4 {White resigns} 0-1

[Event "ICCopen2016"]
[Site "Internet Chess Club"]
[Date "2016.06.04"]
[Round "4"]
[White "TRADE"]
[Black "TasteOflover"]
[Result "0-1"]
[ICCResult "White resigns"]
[WhiteElo "2728"]
[BlackElo "2873"]
[Opening "French: Tarrasch, Guimard main line"]
[ECO "C04"]
[NIC "FR.15"]
[Time "14:33:37"]
[TimeControl "180+0"]

1. e4 e6 2. d4 d5 3. Nd2 Nc6 4. Ngf3 Nf6 5. e5 Nd7 6. Nb3 f6 7. Bb5 Be7 8.
O-O O-O 9. Bxc6 bxc6 10. exf6 Bxf6 11. Re1 Re8 12. Bf4 c5 13. dxc5 Bxb2 14.
Rb1 Bc3 15. Re3 Bf6 16. c6 Nb6 17. Ne5 Ba6 18. Rh3 Nc4 19. Qh5 Nxe5 20. Bxe5
Bxe5 21. Qxh7+ Kf8 22. Nc5 Ke7 23. Nxa6 Qd6 24. Nxc7 Rab8 25. Nb5 Qxc6 26.
Qh4+ Bf6 27. Qb4+ Kf7 28. Rhb3 Rb6 29. Qg4 Qxc2 30. g3 Re7 31. Qh5+ Qg6 32.
Qe2 Kg8 33. a4 Rc6 34. a5 Qf5 35. Rf3 Qxb1+ 36. Kg2 Qe4 {White resigns} 0-1

[Event "ICCopen2016"]
[Site "Internet Chess Club"]
[Date "2016.06.04"]
[Round "4"]
[White "TudoracheM"]
[Black "zelog"]
[Result "0-1"]
[ICCResult "White forfeits on time"]
[WhiteElo "1711"]
[BlackElo "2117"]
[Opening "French: Rubinstein variation"]
[ECO "C03"]
[NIC "FR.07"]
[Time "14:33:27"]
[TimeControl "180+0"]

1. e4 e6 2. d4 d5 3. Nd2 dxe4 4. Nxe4 Nd7 5. Bd3 Ngf6 6. Qe2 Be7 7. Nf3 b6
8. O-O Bb7 9. c3 Nxe4 10. Bxe4 Bxe4 11. Qxe4 Nf6 12. Qe2 O-O 13. Bf4 c5 14.
dxc5 Bxc5 15. Rad1 Qc8 16. Rd3 Rd8 17. Rfd1 Rxd3 18. Qxd3 h6 19. Ne5 Nd5 20.
Bc1 Qc7 21. Qe4 Rd8 22. g3 Nf6 23. Rxd8+ Qxd8 24. Qd3 Qxd3 25. Nxd3 Ne4 26.
Kg2 Bd6 27. f4 Kf8 28. Kf3 f5 29. Be3 Ke7 30. Bd4 g6 31. h3 h5 32. Be3 Kd7
33. g4 hxg4+ 34. hxg4 Kc6 35. gxf5 gxf5 36. Ke2 Kd5 37. Kd1 e5 38. fxe5 Bxe5
39. Kc2 Bd6 40. Bf4 Nc5 41. Nxc5 Bxc5 42. Kd3 b5 43. b3 a6 44. c4+ bxc4+ 45.
bxc4+ Kc6 46. a4 Kb6 47. Bd2 Kc6 48. Bf4 Kd7 49. Be5 Ke6 50. Bf4 Kd7 51. Be5
Ke6 52. Bf4 Kf6 53. Kc3 Kg6 {White forfeits on time} 0-1

[Event "ICCopen2016"]
[Site "Internet Chess Club"]
[Date "2016.06.04"]
[Round "4"]
[White "Smokie"]
[Black "attalone"]
[Result "1-0"]
[ICCResult "Black resigns"]
[WhiteElo "1400"]
[BlackElo "1181"]
[Opening "QGD Slav defense: exchange variation"]
[ECO "D10"]
[NIC "SL.01"]
[Time "14:34:16"]
[TimeControl "180+0"]

1. d4 c6 2. c4 d5 3. cxd5 cxd5 4. Nc3 Nc6 5. g3 Nf6 6. Bg2 e6 7. e3 Be7 8.
Nf3 Bd7 9. O-O O-O 10. a3 a6 11. b4 Rc8 12. Bb2 Na7 13. Rc1 Nb5 14. Re1 Nxc3
15. Bxc3 Bb5 16. a4 Bc4 17. Ne5 Bd6 18. Nxc4 Rxc4 19. b5 axb5 20. axb5 Qe7
21. Qd3 Rfc8 22. e4 dxe4 23. Bxe4 Nxe4 24. Rxe4 Bb4 25. Rh4 g6 26. d5 Bxc3
27. dxe6 Qxe6 28. Rxc4 Rxc4 29. Rxc3 Rxc3 30. Qxc3 Qd7 31. Qc4 Qd1+ 32. Kg2
Qd7 33. h4 Kg7 34. b6 Qc6+ 35. Qxc6 bxc6 36. b7 {Black resigns} 1-0

[Event "ICCopen2016"]
[Site "Internet Chess Club"]
[Date "2016.06.04"]
[Round "4"]
[White "Svinotigr"]
[Black "modeusto"]
[Result "0-1"]
[ICCResult "White resigns"]
[WhiteElo "1649"]
[BlackElo "1908"]
[Opening "Réti: old Indian attack"]
[ECO "A06"]
[NIC "QP.09"]
[Time "14:33:09"]
[TimeControl "180+0"]

1. Nf3 d5 2. d3 Nf6 3. Nbd2 c5 4. e4 dxe4 5. dxe4 Nc6 6. c3 Bg4 7. Qe2 e5 8.
g3 Be7 9. Bg2 O-O 10. a4 Qc7 11. O-O Rad8 12. h4 b6 13. Re1 Rfe8 14. Nc4 Be6
15. Bg5 h6 16. Bxf6 Bxf6 17. Ne3 Na5 18. Nh2 Bb3 19. Nhg4 Be7 20. Nf5 Bf8
21. h5 Qc6 22. Nge3 Bxa4 23. Qg4 Kh8 24. Nd5 Bb3 25. Nfe3 Nc4 26. Rxa7 Nd6
27. Nf5 Nxf5 28. Qxf5 f6 29. Rc7 Qb5 30. Nxf6 Bg8 31. Nxe8 Rxe8 32. Rd1 Qxb2
33. Qg6 Re6 34. Qg4 Rf6 35. f3 Qxc3 36. Rdd7 Qe3+ 37. Kh2 Qg5 38. Qxg5 hxg5
39. Rc8 Be6 40. Rdd8 Bxc8 41. Rxc8 Kh7 {White resigns} 0-1

[Event "ICCopen2016"]
[Site "Internet Chess Club"]
[Date "2016.06.04"]
[Round "4"]
[White "SeniorNapa"]
[Black "Towinning"]
[Result "1-0"]
[ICCResult "Black resigns"]
[WhiteElo "1852"]
[BlackElo "2341"]
[Opening "QGA: 3.e4"]
[ECO "D20"]
[NIC "QG.04"]
[Time "14:33:36"]
[TimeControl "180+0"]

1. d4 d5 2. c4 dxc4 3. e4 e5 4. Nf3 Bg4 5. Bxc4 Bb4+ 6. Nc3 Bxf3 7. Qxf3 Qe7
8. dxe5 Nc6 9. Bf4 O-O-O 10. O-O Nd4 11. Qh3+ Kb8 12. Nd5 Qd7 13. Qxd7 Rxd7
14. Rfd1 Bc5 15. b4 Nc2 16. bxc5 Nxa1 17. Rxa1 Ne7 18. f3 Rhd8 19. Bg5 Re8
20. Nxe7 Rdxe7 21. Bxe7 Rxe7 22. Rd1 a6 23. f4 f6 24. e6 Kc8 25. f5 b5 26.
cxb6 cxb6 27. Kf2 b5 28. Bd5 Kc7 29. Rc1+ Kd6 30. Rc6+ Ke5 31. Rxa6 b4 32.
Ke3 g6 33. g4 h5 34. h3 hxg4 35. hxg4 gxf5 36. gxf5 Rh7 37. Rb6 Rh3+ 38. Kd2
Rh2+ 39. Kc1 Rh1+ 40. Kb2 Rd1 41. e7 Rd2+ 42. Kb3 Rd3+ 43. Kc4 b3 44. axb3
{Black resigns}
1-0

[Event "ICCopen2016"]
[Site "Internet Chess Club"]
[Date "2016.06.04"]
[Round "4"]
[White "ChessGeek"]
[Black "mathman"]
[Result "0-1"]
[ICCResult "White resigns"]
[WhiteElo "1728"]
[BlackElo "2344"]
[Opening "Sicilian"]
[ECO "B50"]
[NIC "SI.01"]
[Time "14:34:50"]
[TimeControl "180+0"]

1. e4 c5 2. Nf3 d6 3. c3 Nf6 4. g3 Bd7 5. d3 Bc6 6. Bg2 Nbd7 7. O-O g6 8.
Nbd2 Bg7 9. Re1 e5 10. Nf1 b5 11. h4 h6 12. N1h2 a5 13. g4 a4 14. g5 Nh5 15.
Ng4 hxg5 16. Nxg5 Qe7 17. a3 Rb8 18. Bd2 c4 19. Qe2 cxd3 20. Qxd3 Nc5 21.
Qe2 Nf4 22. Bxf4 exf4 23. e5 Bxg2 24. exd6 Qxe2 25. Rxe2+ Kd7 26. Kxg2 Rxh4
27. Nh2 Rbh8 28. Nhf3 Rg4+ 29. Kf1 Rh1+ {White resigns} 0-1

[Event "ICCopen2016"]
[Site "Internet Chess Club"]
[Date "2016.06.04"]
[Round "4"]
[White "Giantvin"]
[Black "Ajolote"]
[Result "1-0"]
[ICCResult "Black checkmated"]
[WhiteElo "1795"]
[BlackElo "1452"]
[Opening "Bogo-Indian defense"]
[ECO "E11"]
[NIC "QI.01"]
[Time "14:33:10"]
[TimeControl "180+0"]

1. d4 Nf6 2. c4 e6 3. Nf3 Bb4+ 4. Bd2 Bxd2+ 5. Qxd2 d5 6. Nc3 Nc6 7. e3 O-O
8. Bd3 b6 9. Rc1 Bb7 10. cxd5 exd5 11. O-O Ne7 12. Nh4 c6 13. Nf5 Nxf5 14.
Bxf5 Re8 15. Ne2 Bc8 16. Bd3 Bd7 17. Ng3 Qe7 18. Nf5 Bxf5 19. Bxf5 Ne4 20.
Bxe4 Qxe4 21. Rxc6 Rac8 22. Rxc8 Rxc8 23. Rc1 Qf5 24. Rxc8+ Qxc8 25. h3 h6
26. Qc3 Qd7 27. b3 g6 28. Qb4 Kg7 29. Qa4 Qxa4 30. bxa4 Kf6 31. f3 Ke6 32.
e4 Kd6 33. Kf2 a5 34. Ke3 f6 35. h4 h5 36. g4 hxg4 37. fxg4 Ke6 38. Kf4 dxe4
39. Kxe4 Kd6 40. h5 gxh5 41. gxh5 Ke6 42. h6 Kf7 43. d5 Kg6 44. d6 Kxh6 45.
d7 Kg5 46. d8=Q Kg4 47. Qxb6 Kg3 48. Qxf6 Kg2 49. Qf3+ Kh2 50. Qg4 Kh1 51.
Kf3 Kh2 52. Qg2# {Black checkmated} 1-0

[Event "ICCopen2016"]
[Site "Internet Chess Club"]
[Date "2016.06.04"]
[Round "4"]
[White "Peaceful-Death"]
[Black "akibael"]
[Result "0-1"]
[ICCResult "White checkmated"]
[WhiteElo "1804"]
[BlackElo "2267"]
[Opening "Sicilian defense"]
[ECO "B20"]
[NIC "SI.48"]
[Time "14:35:04"]
[TimeControl "180+0"]

1. e4 c5 2. d3 e6 3. c4 Nc6 4. Nc3 Nf6 5. Bg5 Be7 6. f4 d6 7. Nf3 h6 8. Bh4
Ng4 9. Bf2 Nxf2 10. Kxf2 O-O 11. Be2 f5 12. g3 fxe4 13. dxe4 Qb6 14. Qb3 Bd7
15. Rhd1 Qc7 16. Nb5 Qb8 17. e5 Na5 18. Qc3 Bxb5 19. cxb5 b6 20. a3 d5 21.
b4 Nb7 22. Rd2 Qe8 23. Rad1 g5 24. fxg5 hxg5 25. Kg2 Qg6 26. Bd3 Qh5 27. Qc2
Qxf3+ 28. Kg1 cxb4 29. Bh7+ Kh8 30. Qg6 Bc5+ 31. Rd4 Bxd4+ 32. Rxd4 Qf1#
{White checkmated}
0-1

[Event "ICCopen2016"]
[Site "Internet Chess Club"]
[Date "2016.06.04"]
[Round "4"]
[White "Baltimora"]
[Black "rovov"]
[Result "1-0"]
[ICCResult "Black resigns"]
[WhiteElo "2305"]
[BlackElo "1735"]
[Opening "QGD Slav: 4.e3 Bf5"]
[ECO "D12"]
[NIC "SL.01"]
[Time "14:33:47"]
[TimeControl "180+0"]

1. d4 d5 2. c4 c6 3. Nf3 Nf6 4. e3 Bf5 5. Nc3 e6 6. Nh4 Bg6 7. Nxg6 hxg6 8.
Be2 Bd6 9. g3 Nbd7 10. f4 Ne4 11. Nxe4 dxe4 12. Qc2 Nf6 13. Bd2 Qc7 14.
O-O-O O-O-O 15. h4 c5 16. Bc3 cxd4 17. Bxd4 Bc5 18. Bxc5 Qxc5 19. Qc3 Nh5
20. Bxh5 gxh5 21. b4 Qb6 22. Kb2 g6 23. a3 Rxd1 24. Rxd1 Rd8 25. Rxd8+ Kxd8
26. c5 Qc6 27. Qf6+ Ke8 28. Qh8+ Ke7 29. Qb8 a6 30. Qe5 Qd5 31. Qxd5 exd5
32. Kc3 Kd7 33. Kd4 Kc6 34. a4 f5 35. Ke5 b6 36. cxb6 Kxb6 37. Kxd5 Kb7 38.
Ke6 Kc6 39. Kf6 Kd5 40. Kxg6 Kc4 41. b5 axb5 42. axb5 Kxb5 43. Kxf5 Kc4 44.
Kxe4 {Black resigns} 1-0

[Event "ICCopen2016"]
[Site "Internet Chess Club"]
[Date "2016.06.04"]
[Round "4"]
[White "majasystem"]
[Black "Johndenver"]
[Result "0-1"]
[ICCResult "White checkmated"]
[WhiteElo "2148"]
[BlackElo "1723"]
[Opening "Ruy Lopez: old Steinitz defense"]
[ECO "C62"]
[NIC "RL.02"]
[Time "14:33:06"]
[TimeControl "180+0"]

1. e4 e5 2. Nf3 Nc6 3. Bb5 d6 4. d4 Bd7 5. d5 Nb8 6. Bxd7+ Nxd7 7. c4 Ngf6
8. Nc3 Be7 9. O-O O-O 10. b4 a5 11. bxa5 Nc5 12. Re1 Rxa5 13. a4 Nfd7 14.
Ba3 c6 15. Bb4 Ra8 16. dxc6 bxc6 17. a5 Qc7 18. a6 Rfb8 19. Bxc5 Nxc5 20. h4
Rxa6 21. Rc1 Rba8 22. h5 h6 23. Nh2 Bg5 24. Rc2 Ne6 25. Nf3 Bf6 26. g3 Nd4
27. Nxd4 exd4 28. Ne2 Ra1 29. Qxa1 Rxa1 30. Rxa1 d3 31. Ra8+ Kh7 32. Rd2
dxe2 33. Rxe2 Bd4 34. Kg2 c5 35. Raa2 Qb7 36. f3 Qe7 37. Rac2 Qg5 38. g4 Qf4
39. Kf1 Qxf3+ 40. Ke1 Qxg4 41. Kd2 Qxh5 42. Kc1 Qh1+ 43. Kd2 Qf3 44. Kc1 Qd3
45. Rcd2 Qxc4+ 46. Rc2 Qd3 47. e5 dxe5 48. Kb1 e4 49. Rd2 Qb5+ 50. Ka2 e3
51. Re2 Qa4+ 52. Kb1 Qb3+ 53. Kc1 h5 54. Kd1 h4 55. Ke1 g5 56. Kf1 g4 57.
Kg2 Qb1 58. Kh2 Qf1 59. Rxc5 Qxe2+ 60. Kh1 Qf3+ 61. Kh2 Be5+ 62. Kg1 Qf2+
63. Kh1 Qh2# {White checkmated} 0-1

[Event "ICCopen2016"]
[Site "Internet Chess Club"]
[Date "2016.06.04"]
[Round "4"]
[White "drsigmund1"]
[Black "Chess64"]
[Result "0-1"]
[ICCResult "White forfeits on time"]
[WhiteElo "1294"]
[BlackElo "1762"]
[Opening "Queen's bishop game"]
[ECO "D02"]
[NIC "QP.08"]
[Time "14:33:17"]
[TimeControl "180+0"]

1. d4 d5 2. Nf3 Nf6 3. Bf4 Bf5 4. e3 c6 5. c3 Qb6 6. Qb3 e6 7. Nbd2 Nbd7 8.
Be2 Be7 9. Ne5 O-O 10. O-O h6 11. h3 c5 12. Nxd7 Nxd7 13. Qxb6 axb6 14. Nf3
c4 15. Nd2 b5 16. Bg4 Bxg4 17. hxg4 b4 18. e4 bxc3 19. bxc3 Ra3 20. exd5
exd5 21. Rfe1 Bg5 22. Bxg5 hxg5 23. Re3 Rfa8 24. Nf3 f6 25. Rae1 Rxa2 26.
Re8+ Rxe8 27. Rxe8+ Kf7 28. Rd8 Ke7 29. Rc8 Rc2 30. Rg8 Rxc3 31. Rxg7+ Ke6
32. Rg8 Rc1+ 33. Kh2 Nb6 34. Re8+ Kf7 35. Rb8 Kg6 36. Rxb7 Nc8 37. Rc7 Nd6
38. Rd7 Ne4 39. Rxd5 Nxf2 40. Rd6 Nxg4+ 41. Kg3 Ne3 42. Ne5+ Kh5 43. Nxc4
Nf5+ {White forfeits on time} 0-1

[Event "ICCopen2016"]
[Site "Internet Chess Club"]
[Date "2016.06.04"]
[Round "4"]
[White "gmgattass"]
[Black "Saniser"]
[Result "1/2-1/2"]
[ICCResult "Game drawn because neither player has mating material"]
[WhiteElo "2212"]
[BlackElo "1654"]
[Opening "French: Tarrasch, open variation"]
[ECO "C07"]
[NIC "FR.19"]
[Time "14:33:51"]
[TimeControl "180+0"]

1. e4 e6 2. d4 d5 3. Nd2 c5 4. exd5 Qxd5 5. Ngf3 cxd4 6. Bc4 Qd6 7. O-O Nf6
8. Nb3 Nc6 9. Nfxd4 Nxd4 10. Nxd4 a6 11. a3 Qc7 12. Ba2 Bd6 13. h3 O-O 14.
Qe2 Rd8 15. Rd1 b5 16. Bg5 Bb7 17. Nxe6 fxe6 18. Qxe6+ Kh8 19. Bxf6 gxf6 20.
Qxf6+ Qg7 21. Qxg7+ Kxg7 22. g3 Be5 23. c3 Bf6 24. Be6 Rxd1+ 25. Rxd1 Re8
26. Rd7+ Re7 27. Rxe7+ Bxe7 28. f4 Kf6 29. Bg8 h6 30. Kf2 Bc5+ 31. Ke2 Bg2
32. h4 Bd6 33. Bh7 Bd5 34. Ke3 Bc5+ 35. Ke2 a5 36. g4 b4 37. g5+ Kg7 38.
axb4 axb4 39. cxb4 Bxb4 40. Bd3 Be7 41. Ke3 Bc5+ 42. Ke2 Be7 43. Ke3 Bc5+
44. Kd2 Bf2 45. gxh6+ Kxh6 46. Kc3 Bxh4 47. Kd4 Bg8 48. b4 Bf6+ 49. Kc5 Be7+
50. Kc6 Bxb4 51. f5 Kg5 52. Be4 Kf6 53. Bc2 Bf8 54. Kb5 Ke5 55. Kc6 Bd5+ 56.
Kb5 Kd4 57. Bb1 Bc5 58. Bc2 Bf7 59. Kc6 Be8+ 60. Kc7 Ke5 61. Bb1 Bd6+ 62.
Kd8 Ba4 63. Bc2 Kf6 64. Bxa4 Kxf5
{Game drawn because neither player has mating material}
1/2-1/2